 Dungeon Crawl Stone Soup version 0.31-a0-198-g2ad674f65e (webtiles) character file.

Game seed: 9342791211819225981

28 qw the Shooter (level 3, 0/20 HPs)
             Began as a Deep Elf Hunter on June 25, 2023.
             Slain by a hobgoblin (1 damage)
             ... on level 2 of the Dungeon.
             The game lasted 00:00:15 (810 turns).

qw the Shooter (Deep Elf Hunter)                     Turns: 810, Time: 00:00:15

Health: 0/20       AC:  3    Str: 10    XL:     3   Next: 0%
Magic:  5/5        EV: 12    Int: 13    God:
Gold:   53         SH:  0    Dex: 18    Spells: 2/2 levels left

rFire   . . .        Y - +0 shortbow
rCold   . . .        (shield currently unavailable)
rNeg    . . .        c - +0 leather armour
rPois   .            (no helmet)
rElec   .            (no cloak)
rCorr   .            (no gloves)
SInv    .            (no boots)
Will    .....        (no amulet)
Stlth   ++           (no ring)
HPRegen 0.23/turn    (no ring)
MPRegen 0.09/turn

%: no passive effects
@: lethally poisoned (0 -> -1)
A: no striking features
a: no special abilities


You were on level 2 of the Dungeon.
You visited 1 branch of the dungeon, and saw 2 of its levels.

You collected 53 gold pieces.


   Skills:
 - Level 1.5 Fighting
 + Level 6.6 Ranged Weapons
 - Level 2.4 Dodging
 - Level 1.2 Stealth


You had 2 spell levels left.
You didn't know any spells.
Your spell library was empty.

Inventory:

Hand Weapons
 Y - a +0 shortbow (weapon)
Armour
 c - a +0 leather armour (worn)
Jewellery
 b - a +6 ring of strength
Scrolls
 a - a scroll of poison {unknown}
Potions
 d - a potion of mutation {unknown}
 f - a potion of curing {unknown}
 h - a potion of degeneration {unknown}
 i - a potion of lignification {unknown}

Dungeon Overview and Level Annotations

Branches:
Dungeon (2/15)

Altars:


Message History

The arrow barely misses the giant cockroach.
The giant cockroach bites you. The endoplasm closely misses you.
You shoot an arrow.
The arrow hits the giant cockroach but does no damage.
The giant cockroach is almost dead.
The giant cockroach barely misses you. The endoplasm barely misses you.
The giant cockroach closely misses you.
You shoot an arrow. The arrow hits the giant cockroach.
You kill the giant cockroach!
The endoplasm freezes you.
You are frozen.
The goblin hits you with a +0 club.
You shoot an arrow. The arrow hits the endoplasm!
You kill the endoplasm!
The bat hits you. The giant cockroach bites you. The bat hits you.
The goblin hits you but does no damage.
A worm comes into view.
You have reached level 3!
Your experience leads to an increase in your attributes!
Increase (S)trength, (I)ntelligence, or (D)exterity?
You feel stronger. x2
You shoot an arrow.
The arrow hits the adder but does no damage.
The bat closely misses you. The adder barely misses you.
The goblin hits you with a +0 club.
You shoot an arrow. The arrow closely misses the adder.
The arrow closely misses the giant cockroach.
The adder bites you.
You are poisoned.
The adder poisons you! The hobgoblin hits you.
The goblin hits you but does no damage. The adder closely misses you.
You shoot an arrow. The arrow barely misses the adder.
The arrow hits the giant cockroach.
The giant cockroach is severely wounded.
You feel sick. The hobgoblin closely misses you.
The goblin hits you with a +0 club. The kobold closely misses you.
The adder bites you but does no damage.
You shoot an arrow. The arrow hits the adder.
The adder is moderately wounded.
You feel sick. The adder barely misses you. The hobgoblin hits you.
You die...

....... ....... ........
..<...... ###. ....... .
#(. ....... .. ###
##.###gb....$ ... #.##
#....@SB...# ....
#..###....Kg...w#
.....##.................
..........###..#.##..###
.....##.#.....##.# .##
####.##.###....... #
#.........###.#..##
....###.##..## #.#....
.> #.# ### #....# .


You could see a worm, an adder, a giant cockroach, a hobgoblin, a goblin, a bat
and a kobold.

Vanquished Creatures
  2 dart slugs (D:1)
  A ball python (D:1)
  6 endoplasms
  3 giant cockroaches
  A goblin (D:1)
  A hobgoblin (D:2)
  A quokka (D:1)
  3 frilled lizards (D:1)
  2 kobolds
  A rat (D:1)
21 creatures vanquished.

Notes
Turn   | Place    | Note
-------+----------+-------------------------------------------
     0 | D:1      | qw the Deep Elf Hunter began the quest for the Orb.
     0 | D:1      | Reached XP level 1. HP: 12/12 MP: 3/3
     0 | D:1      | 0 ||| qw: Version: 0.3-a-22-g0ed2b0b
     0 | D:1      | 0 ||| qw: Game counter: 5195
     0 | D:1      | 0 ||| qw: Melee chars always use a shield: true
     0 | D:1      | 0 ||| qw: God list: Okawaru
     0 | D:1      | 0 ||| qw: Allow faded altars: false
     0 | D:1      | 0 ||| qw: Do Orc after clearing Dungeon:15 true
     0 | D:1      | 0 ||| qw: Do second Lair branch before Depths: true
     0 | D:1      | 0 ||| qw: Lair rune preference: random
     0 | D:1      | 0 ||| qw: Goals: Normal
     0 | D:1      | 0 ||| PLANNING D:1-11
   215 | D:1      | Reached skill level 6 in Ranged Weapons
   215 | D:1      | Reached XP level 2. HP: 16/16 MP: 4/4
   274 | D:1      | Found a faded altar of an unknown god.
   694 | D:1      | 694 ||| READING scroll labelled NYBABUDOEWK.
   699 | D:1      | 699 ||| READING scroll labelled BUOJIU UMMUSEU.
   700 | D:1      | 700 ||| DROPPING scroll of butterflies.
   807 | D:2      | Reached XP level 3. HP: 8/20 MP: 5/5
   808 | D:2      | HP: 5/20 [adder (1)]
   809 | D:2      | HP: 2/20 [poisoned by an adder]
   810 | D:2      | Slain by a hobgoblin

Levels and vault maps discovered:
D:1:      wander_arrival_lonely_grave, layout_basic,
          shapermc_ecumenical_altar_venn
D:2:      layout_rooms, basic_altar

Skill      XL: |  1 |
---------------+----+-----
Ranged Weapons | 6 |  6.6
Fighting       | |  1.5
Dodging        | |  2.4
Stealth        | |  1.2

Action                     || total
---------------------------++-------
   Fire: Shortbow          ||    57
    Use: Scroll            ||     2
 Armour: Leather armour    ||     5
  Dodge: Dodged            ||    23

Table legend:
 A = Non-vault XP
 B = Vault XP
 C = Vault XP percentage of total XP
 D = Non-vault monster count
 E = Vault monster count
 F = Vault count percentage of total count
                 A         B        C        D         E       F
            +---------+---------+-------+---------+---------+-------
      Total |      41 |       0 |   0.0 |      21 |       0 |   0.0
            +---------+---------+-------+---------+---------+-------
        D:1 |      27 |       0 |   0.0 |      14 |       0 |   0.0
        D:2 |      14 |       0 |   0.0 |       7 |       0 |   0.0
            +---------+---------+-------+---------+---------+-------
